 Dungeon Crawl Stone Soup version 0.30-a0-374-g95c0257040 (webtiles) character file.

Game seed: 7397330756950022287

62 pokeman the Magician (level 3, -1/20 HPs)
             Began as a Deep Elf Hedge Wizard on Nov 26, 2022.
             Slain by a goblin
             ... wielding a +0 dagger
              (4 damage)
             ... on level 3 of the Dungeon.
             The game lasted 00:03:43 (2346 turns).

pokeman the Magician (Deep Elf Hedge Wizard)        Turns: 2346, Time: 00:03:44

Health: -1/20      AC:  2    Str:  7    XL:     3   Next: 85%
Magic:  2/11       EV: 12    Int: 20    God:
Gold:   58         SH:  0    Dex: 14    Spells: 4/12 levels left

rFire   . . .      SeeInvis .    a - +0 dagger
rCold   . . .      Faith    .    (no shield)
rNeg    . . .      Spirit   .    b - +0 robe
rPois   .          Reflect  .    c - +0 hat
rElec   .          Harm     .    (no cloak)
rCorr   .          Rampage  .    (no gloves)
Will    .....                    (no boots)
Stlth   ++........               (no amulet)
HPRegen 0.23/turn                (no ring)
MPRegen 0.12/turn                (no ring)

@: no status effects
A: no striking features
a: no special abilities


You were on level 3 of the Dungeon.
You visited 1 branch of the dungeon, and saw 3 of its levels.

You collected 58 gold pieces.

Inventory:

Hand Weapons
 a - a +0 dagger (weapon)
Armour
 b - a +0 robe (worn)
 c - a +0 hat (worn)
Scrolls
 f - a scroll of noise {unknown}
 g - a scroll of blinking {unknown}
 k - a scroll of magic mapping {unknown}
 l - a scroll of teleportation {unknown}
Potions
 d - a potion of magic
 e - a potion of mutation {unknown}
 h - a potion of degeneration {unknown}
 i - a potion of invisibility {unknown}
 j - a potion of ambrosia {unknown}
 m - a potion of attraction {unknown}
 n - a potion of haste {unknown}
 o - 2 potions of curing {unknown}


   Skills:
 + Level 1.0 Fighting
 - Level 1.0 Armour
 + Level 2.4 Dodging
 - Level 2.4 Stealth
 * Level 5.4 Spellcasting
 + Level 2.0 Conjurations
 - Level 1.1 Summonings
 - Level 1.1 Translocations


You had 4 spell levels left.
You knew the following spells:

 Your Spells              Type           Power      Damage    Failure   Level
a - Magic Dart            Conj           52%        1d5       4%          1
b - Mephitic Cloud        Conj/Pois/Air  8%         N/A       26%         3
c - Call Imp              Summ           9%         N/A       11%         2
d - Blink                 Tloc           18%        N/A       11%         2

Your spell library contained the following spells:

 Spells                   Type           Power      Damage    Failure   Level
 Slow                     Hex            20%        N/A       11%         1
 Cigotuvi's Dreadful Rot  Necr/Pois/Air  10%        N/A       17%         2
 Call Canine Familiar     Summ           9%         N/A       22%         3
 Portal Projectile        Hex/Tloc       14%        N/A       26%         3
 Leda's Liquefaction      Hex/Erth       2%         N/A       73%         4


Dungeon Overview and Level Annotations

Branches:
Dungeon (3/15)

Altars:
Ru

Shops:
D:2 [


Message History

The orc is engulfed in noxious fumes.
The orc appears confused.
You hit the orc but do no damage.
The orc is moderately wounded.
You hit the orc.
The orc is heavily wounded.
The orc hits you with a +0 falchion.
A goblin comes into view. It is wielding a +0 dagger.
An adder comes into view.
The orc completely misses itself.
The adder hisses angrily.
You hit the orc priest.
The orc priest is heavily wounded.
The orc priest hits you with a +0 dagger.
You hit the orc priest but do no damage.
The orc priest is heavily wounded.
The orc priest hits you with a +0 dagger.
You hit the orc priest.
The orc priest is severely wounded.
You hit the orc priest.
The orc priest is severely wounded.
The adder bites you. The adder barely misses you.
You barely miss the orc priest.
The orc priest is severely wounded.
The adder closely misses you. The orc priest misses you.
The orc closely misses you.
You hit the orc priest.
The orc priest is severely wounded.
The adder bites you. The goblin completely misses you.
You hit the orc priest.
The orc priest is almost dead.
The adder barely misses you. The adder closely misses you.
The orc hits you with a +0 falchion.
* * * LOW HITPOINT WARNING * * *
The goblin hits you but does no damage.
You catch the helpless orc priest completely off-guard!
You puncture the orc priest!
You kill the orc priest!
The adder barely misses you.
The orc closely misses the goblin.
The orc barely misses itself.
The goblin hits you with a +0 dagger.
You die...

#..##.o..#.#.#####..#
.).....o.#.#.#####..####.#
#..####..#...............#
....................####.#
#..........###.##...####.#
#...........##.#.........#
..........#.##.#..#.######
.........+............#
.........#.##.#@)#.##.#
..............goS#.##.#
.#.##........#.......#
.##..####.##.####
##..####.##.#
.......<....#
?.....#.#..### ###. #.#..#
.....g.


You could see an adder, an orc (confused) and a goblin.

Vanquished Creatures
  An orc priest (D:3)
  2 adders (D:2)
  2 orcs (D:3)
  2 bats
  5 endoplasms
  5 giant cockroaches
  5 goblins
  5 hobgoblins
  3 kobolds
  4 ball pythons
  3 frilled lizards
  2 rats
39 creatures vanquished.

Notes
Turn   | Place    | Note
-------+----------+-------------------------------------------
     0 | D:1      | pokeman the Deep Elf Hedge Wizard began the quest for the
                  | Orb.
     0 | D:1      | Reached XP level 1. HP: 10/10 MP: 7/7
   276 | D:1      | Found a faded altar of an unknown god.
   308 | D:1      | Reached XP level 2. HP: 16/16 MP: 4/9
  1175 | D:2      | Reached skill level 5 in Spellcasting
  1175 | D:2      | Reached XP level 3. HP: 17/20 MP: 4/11
  1179 | D:2      | Learned a level 3 spell: Mephitic Cloud
  1182 | D:2      | Learned a level 2 spell: Call Imp
  1185 | D:2      | Learned a level 2 spell: Blink
  1232 | D:2      | Found a sacrificial altar of Ru.
  1343 | D:2      | Found Iqum's Armour Emporium.
  1991 | D:2      | Reached skill level 1 in Armour
  2083 | D:2      | Reached skill level 1 in Fighting
  2346 | D:3      | Slain by a goblin

Illustrated notes

Levels and vault maps discovered:
D:1:      mrwooster_arrival_statue_3, layout_basic,
          chequers_ecumenical_altar_simple_redux, minmay_misc_feat_tiny
D:2:      layout_loops_ring, basic_altar, serial_shops, shop,
          hangedman_decor_clover_reticule
D:3:      layout_basic

Skill      XL: |  1  2  3 |
---------------+----------+-----
Spellcasting   | 5 |  5.4
Armour         | 1 |  1.0
Conjurations   | 2 |  2.0
Fighting       | 1 |  1.0
Dodging        | |  2.4
Stealth        | |  2.4
Summonings     | |  1.1
Translocations | |  1.1

Action                   || total
-------------------------++-------
Melee: Dagger            ||    15
 Cast: Magic Dart        ||   103
       Mephitic Cloud    ||     1
 Stab: Confused          ||     1
Armor: Robe              ||     7
Dodge: Dodged            ||    17

Table legend: (Time is in decaauts)
 A = Elapsed time spent in this place.
 B = Non-inter-level travel time spent in this place.
 C = Inter-level travel time spent in this place.
 D = Time resting spent in this place.
 E = Time spent auto-exploring this place.
 F = Levels seen in this place.
 G = Mean time per level.
                   A        B        C        D        E       F      G
               +--------+--------+--------+--------+--------+-----+--------+
         Total |   2345 |   2261 |     84 |      0 |   2018 |   3 |  781.7 |
       Dungeon |   2345 |   2261 |     84 |      0 |   2018 |   3 |  781.7 |
               +--------+--------+--------+--------+--------+-----+--------+

Top non-repeatable levels by time:
     D:1: 1155 daAuts
     D:2: 1035 daAuts
     D:3: 154 daAuts
